 Dungeon Crawl Stone Soup version 0.25-a0-576-g50b708a4c4 (webtiles) character file.

Game seed: 17828149224629224935, levelgen mode: deterministic

48 Flugslaktarn the Covered (level 3, 0/34 HPs)
             Began as a Deep Dwarf Fighter on Mar 1, 2020.
             Slain by a gnoll
             ... wielding a +0 halberd
              (6 damage)
             ... on level 3 of the Dungeon.
             The game lasted 00:00:21 (245 turns).

Flugslaktarn the Covered (Deep Dwarf Fighter)        Turns: 245, Time: 00:00:22

Health: 0/34       AC:  7    Str: 20    XL:     3   Next: 50%
Magic:  3/3        EV:  7    Int:  8    God:
Gold:   0          SH:  9    Dex: 12    Spells: 2/2 levels left

rFire    . . .     SeeInvis .   a - +0 war axe
rCold    . . .     Gourm    .   c - +0 kite shield
rNeg     . . .     Faith    .   b - +0 scale mail
rPois    .         Spirit   .   (no helmet)
rElec    .         Reflect  .   (no cloak)
rCorr    .         Harm     .   (no gloves)
MR       .....                  (no boots)
Stlth    ..........             (no amulet)
HPRegen  0.00/turn              (no ring)
MPRegen  0.08/turn              (no ring)

@: non-regenerating
A: damage resistance, heal wounds, sense surroundings 1, no regeneration
a: Heal Wounds


You were on level 3 of the Dungeon.
You were not hungry.

You visited 1 branch of the dungeon, and saw 3 of its levels.

Inventory:

Hand Weapons
 a - a +0 war axe (weapon)
Armour
 b - a +0 scale mail (worn)
 c - a +0 kite shield (worn)
Jewellery
 i - an uncursed amulet of the acrobat {unknown}
   (You found it on level 2 of the Dungeon)
Scrolls
 f - a scroll of random uselessness {unknown}
Potions
 d - a potion of might
 h - a potion of haste {unknown}
Comestibles
 e - 2 rations
 g - 11 chunks of flesh


   Skills:
 + Level 3.0 Fighting
 * Level 3.2 Axes
 + Level 3.7 Armour
 + Level 3.7 Shields


You had 2 spell levels left.
You didn't know any spells.
Your spell library was empty.

Dungeon Overview and Level Annotations

Branches:
Dungeon (3/15)

Altars:

Annotations:
D:3 Terence


Innate Abilities, Weirdness & Mutations

You are resistant to damage.
You can heal yourself by infusing magical energy.
You passively map a small area around you.
You do not regenerate.


Message History

You are too injured to fight recklessly!
You are too injured to fight recklessly!
You are too injured to fight recklessly!
You are too injured to fight recklessly!
You are too injured to fight recklessly!
You are too injured to fight recklessly!
You are too injured to fight recklessly!
You are too injured to fight recklessly!
You closely miss the kobold. You hit the worker ant.
You block the worker ant's attack.
The gnoll hits you from afar with a +0 spear.
You block the gnoll's attack.
The gnoll hits you from afar with a +0 spear.
* * * LOW HITPOINT WARNING * * *
The kobold hits you but does no damage.
The worker ant bites you but does no damage.
The gnoll hits you from afar with a +0 spear.
* * * LOW HITPOINT WARNING * * *
The gnoll hits you with a +0 halberd!
You die...

*#.....#.#
,####.....#.###.#..,
, ,
..................,
, ,
...#....##[###.#..
...................
, , * *
....#...........#..
....#...........#,**
, * , ,#...%.......#
, , ####@Ka....#.. ,
, * * #ggg....#.##
#.@.....# #* ,*
#...#####, * ,
#...., , ...... * *
* #...... * *
.$...).. , , * ,


You could see Terence, a worker ant, 3 gnolls and a kobold.

Vanquished Creatures
  Ijyb (D:3)
  A dart slug (D:3)
  A leopard gecko (D:3)
  2 bats (D:2)
  2 giant cockroaches (D:3)
  3 hobgoblins (D:2)
  A kobold (D:2)
  A quokka (D:2)
  3 frilled lizards
  4 rats (D:2)
19 creatures vanquished.

Notes
Turn   | Place    | Note
-------+----------+-------------------------------------------
     0 | D:1      | Flugslaktarn the Deep Dwarf Fighter began the quest for the
                  | Orb.
     0 | D:1      | Reached XP level 1. HP: 20/20 MP: 1/1
   140 | D:2      | Reached XP level 2. HP: 21/27 MP: 2/2
   215 | D:3      | Noticed Ijyb
   227 | D:3      | Killed Ijyb
   227 | D:3      | Reached XP level 3. HP: 15/34 MP: 3/3
   235 | D:3      | Noticed Terence
   245 | D:3      | Slain by a gnoll

Levels and vault maps discovered:
D:1:      wander_arrival_estate, layout_basic
D:2:      layout_loops_cross, eat_drink_and_be_merry_uskayaw, serial_glass,
          glass_columns_c, glass_columns_b, glass_columns_c, glass_columns_c,
          uniq_jessica
D:3:      layout_basic, chequers_serial_rivers_small_a, uniq_terence, uniq_ijyb,
          uniq_crazy_yiuf_cottage

Skill      XL: |  1  2 |
---------------+-------+-----
Fighting       | 3 |  3.0
Axes           | 3 |  3.2
Armour         | |  3.7
Shields        | |  3.7

Action                   || total
-------------------------++-------
Melee: War axe           ||    68
 Abil: Heal Wounds       ||     1
Armor: Scale mail        ||    38
Dodge: Dodged            ||    19
Block: Kite shield       ||    51

Table legend:
 A = Non-vault XP
 B = Vault XP
 C = Vault XP percentage of total XP
 D = Non-vault monster count
 E = Vault monster count
 F = Vault count percentage of total count
                 A         B        C        D         E       F
            +---------+---------+-------+---------+---------+-------
      Total |      31 |      38 |  55.1 |      18 |       1 |   5.3
            +---------+---------+-------+---------+---------+-------
        D:1 |       1 |       0 |   0.0 |       1 |       0 |   0.0
        D:2 |      18 |       0 |   0.0 |      12 |       0 |   0.0
        D:3 |      12 |      38 |  76.0 |       5 |       1 |  16.7
            +---------+---------+-------+---------+---------+-------
